Map: [ESL] Gresvan

Players

ShaDoWn

  • Race: Protoss Protoss
  • Spawn Location: 5:00

PtitDrogo - Winner!

  • Race: Protoss Protoss
  • Spawn Location: 11:00

Event: ESL SC2 Masters 2023 Summer (Regionals)

VOD

Have the link to the VOD?

Description

Time

  • Played on: May 9, 2023, 11:28 a.m.
  • Length: 13:14

All games in this series

Show
View Real Time Build Order
Export as new Build Order

ShaDoWn Protoss 

Build Orders:  

Get SALT Encoding   

  12  0:01  Probe  
  13  0:13  Probe  
  14  0:17  Pylon  
  14  0:25  Probe  
  15  0:35  Gateway  
  15  0:37  Probe (Chrono Boost)  
  16  0:46  Probe (Chrono Boost)  
  16  0:47  Assimilator  
  17  0:51  Probe (Chrono Boost)  
  17  0:55  Assimilator  
  18  1:04  Probe (Chrono Boost)  
  19  1:08  Gateway  
  19  1:14  Probe (Chrono Boost)  
  20  1:18  Probe (Chrono Boost)  
  20  1:23  Cybernetics Core  
  21  1:30  Probe  
  22  1:35  Pylon  
  22  1:43  Probe  
  23  1:59  Robotics Facility  
  23  2:00  Stalker  
  25  2:05  Warp Gate  
  25  2:09  Stalker  
  27  2:16  Pylon  
  27  2:30  Stalker  
  27  2:33  Probe  
  30  2:43  Immortal (Chrono Boost)  
  34  2:57  Stalker  
  36  3:07  Shield Battery  
  36  3:12  Warp Prism (Chrono Boost)  
  38  3:20  Pylon  
  36  3:41  Immortal  
  40  3:57  Sentry x2  
  44  4:03  Pylon  
  44  4:21  Observer  
  45  4:28  Stalker  
  45  4:29  Stalker  
  48  4:34  Probe  
  40  4:46  Probe  
  33  4:53  Stalker x2  
  33  4:58  Probe  
  31  5:10  Probe (Chrono Boost)  
  32  5:19  Probe (Chrono Boost)  
  33  5:25  Probe  
  33  5:27  Stalker x2  
  38  5:35  Observer  
  38  5:37  Probe  
  39  5:49  Probe  
  40  6:01  Sentry  
  40  6:02  Nexus  
  42  6:05  Stalker  
  44  6:16  Pylon  
  44  6:26  Probe (Chrono Boost)  
  44  6:36  Probe (Chrono Boost)  
  45  6:41  Stalker  
  47  6:49  Stalker  
  47  6:54  Probe (Chrono Boost)  
  45  7:06  Probe (Chrono Boost)  
  46  7:12  Probe (Chrono Boost)  
  46  7:13  Observer  
  46  7:15  Probe (Chrono Boost)  
  49  7:24  Probe (Chrono Boost)  
  49  7:25  Probe (Chrono Boost)  
  50  7:32  Probe (Chrono Boost)  
  50  7:33  Observer  
  50  7:34  Probe (Chrono Boost)  
  52  7:37  Probe (Chrono Boost)  
  52  7:40  Twilight Council  
  52  7:41  Probe  
  54  7:45  Stalker  
  54  7:47  Probe  
  57  7:53  Probe  
  58  7:59  Probe  
  58  8:00  Stalker  
  58  8:05  Probe  
  62  8:11  Probe  
  63  8:12  Pylon  
  63  8:17  Probe  
  62  8:23  Probe  
  61  8:29  Probe  
  61  8:32  Observer  
  56  8:35  Probe  
  56  8:40  Robotics Facility  
  57  8:41  Probe  
  57  8:45  Stalker x2  
  57  8:48  Probe  
  63  8:52  Observer  
  63  8:53  Probe  
  64  8:56  Blink (Chrono Boost)  
  64  9:00  Probe, Nexus, Assimilator  
  65  9:05  Pylon  
  65  9:06  Probe  
  66  9:13  Forge  
  66  9:17  Stalker x2  
  66  9:18  Probe  
  66  9:19  Probe  
  70  9:40  Pylon  
  70  9:41  Stalker x2  
  72  9:50  Probe  
  67  9:56  Probe  
  68  10:02  Probe  
  68  10:05  Gateway  
  68  10:06  Gateway  
  69  10:08  Probe, Stalker  
  69  10:09  Stalker  
  72  10:15  Probe  
  72  10:16  Probe  
  72  10:20  Probe  
  65  10:27  Probe, Shield Battery  
  60  10:32  Stalker x2  
  55  10:45  Probe  
  55  10:49  Probe  
  52  10:52  Stalker x2  
  52  10:54  Probe  
  53  10:57  Observer  
  53  10:59  Probe  
  53  11:01  Observer, Stalker x2  
  53  11:02  Probe  
  57  11:07  Probe  
  57  11:11  Protoss Ground Weapons Level 1 (Chrono Boost)  
  58  11:12  Stalker x2  
  58  11:14  Probe  
  58  11:16  Probe  
  64  11:19  Probe  
  65  11:26  Stalker x2  
  69  11:33  Probe  
  69  11:38  Stalker x2  
  68  11:50  Stalker x2  
  68  11:52  Probe  
  68  11:59  Pylon  
  64  12:03  Stalker x2  
  64  12:08  Probe  
  67  12:11  Observer  
  67  12:14  Probe  
  62  12:17  Stalker x2  
  62  12:20  Probe  
  61  12:27  Stalker x2  
  57  12:33  Probe x2  
  57  12:36  Probe  
  60  12:37  Shield Battery  
  60  12:41  Stalker x2  
  64  12:48  Probe (Chrono Boost)  
  64  12:50  Probe (Chrono Boost)  
  67  12:51  Probe (Chrono Boost), Stalker  
  67  12:55  Stalker  
  73  12:58  Probe (Chrono Boost)  
  73  13:00  Probe (Chrono Boost)  
  73  13:03  Stalker x2  
Show
View Real Time Build Order
Export as new Build Order

PtitDrogo Protoss - Winner!

Build Orders:  

Get SALT Encoding   

  12  0:00  Probe  
  13  0:12  Probe  
  14  0:17  Pylon  
  14  0:24  Probe (Chrono Boost)  
  15  0:36  Probe (Chrono Boost), Gateway  
  16  0:44  Probe (Chrono Boost)  
  16  0:47  Assimilator  
  17  0:51  Probe  
  17  0:54  Assimilator  
  18  1:03  Probe (Chrono Boost)  
  19  1:07  Gateway  
  20  1:12  Probe (Chrono Boost)  
  20  1:17  Probe (Chrono Boost)  
  20  1:24  Cybernetics Core  
  21  1:29  Probe  
  22  1:38  Pylon  
  22  1:41  Probe  
  23  1:56  Gateway  
  23  1:57  Warp Gate (Chrono Boost)  
  23  2:00  Stalker  
  25  2:05  Stalker  
  28  2:17  Pylon  
  27  2:31  Stalker  
  27  2:35  Stalker  
  31  2:44  Stalker  
  32  2:55  Shield Battery  
  32  3:01  Stalker  
  32  3:05  Stalker  
  36  3:20  Pylon  
  36  3:23  Stargate  
  36  3:25  Probe  
  37  3:33  Stalker  
  37  3:37  Probe  
  34  3:41  Zealot  
  34  3:53  Stalker  
  35  3:56  Shield Battery  
  35  4:02  Sentry  
  37  4:05  Pylon  
  36  4:10  Phoenix  
  36  4:15  Probe, Pylon  
  39  4:25  Stalker  
  41  4:32  Stalker  
  35  4:59  Stalker x2  
  39  5:06  Probe  
  37  5:20  Oracle (Chrono Boost)  
  40  5:30  Probe  
  40  5:35  Adept  
  43  5:41  Adept  
  45  5:44  Probe  
  46  5:58  Probe  
  47  6:09  Oracle  
  50  6:12  Pylon  
  50  6:19  Probe  
  51  6:36  Probe  
  51  6:38  Nexus  
  52  6:48  Probe  
  53  7:00  Probe (Chrono Boost)  
  50  7:08  Twilight Council  
  50  7:12  Probe (Chrono Boost)  
  50  7:14  Forge  
  51  7:16  Sentry x2  
  51  7:18  Pylon  
  52  7:23  Probe  
  53  7:35  Probe, Blink (Chrono Boost)  
  54  7:47  Probe  
  55  7:57  Stalker x2  
  59  7:59  Probe  
  59  8:02  Shield Battery  
  57  8:12  Probe x2, Protoss Ground Weapons Level 1 (Chrono Boost)  
  57  8:24  Probe  
  52  8:31  Stalker x2  
  52  8:32  Probe  
  53  8:36  Probe  
  53  8:38  Gateway  
  54  8:45  Probe  
  55  8:51  Probe  
  56  8:55  Stalker x2  
  56  8:57  Probe  
  61  9:03  Probe  
  61  9:05  Nexus  
  62  9:11  Photon Cannon  
  62  9:15  Probe  
  63  9:38  Stalker x3  
  69  9:40  Assimilator  
  69  9:41  Assimilator  
  69  9:50  Probe x2  
  71  9:59  Pylon  
  71  10:01  Stalker x3  
  71  10:02  Probe x2  
  71  10:06  Robotics Facility  
  77  10:14  Probe  
  77  10:18  Probe x2  
  66  10:26  Probe  
  65  10:30  Stalker x3  
  67  10:40  Probe x2  
  69  10:43  Probe  
  69  10:46  Gateway  
  69  10:47  Protoss Ground Weapons Level 2 (Chrono Boost)  
  70  10:52  Probe  
  70  10:56  Stalker x3  
  77  10:57  Probe  
  77  11:00  Probe  
  77  11:08  Gateway  
  77  11:09  Pylon  
  77  11:17  Observer (Chrono Boost)  
  78  11:19  Stalker x3  
  78  11:23  Assimilator  
  84  11:26  Charge (Chrono Boost)  
  84  11:32  Nexus  
  84  11:37  Probe x3  
  85  11:47  Stalker x3  
  91  12:01  Stalker  
  91  12:02  Stalker  
  93  12:11  Stalker x3  
  95  12:17  Probe  
  84  12:30  Stalker x2  
  84  12:31  Probe x3  
  84  12:35  Stalker  
  84  12:36  Stalker  
  95  12:37  Gateway  
  95  12:39  Gateway x2  
  95  12:40  Zealot  
  95  12:43  Probe  
  98  12:45  Probe x2  
  100  12:52  Zealot  
  100  12:53  Zealot  
  100  12:54  Photon Cannon  
  104  13:07  Zealot x3  
Tags
 
Add a new tag
Caveats
  • Supply blocks, unpowered buildings, or Contaminate may cause inaccurate times.
  • Supply counts are checked every 10 seconds.